 Dungeon Crawl Stone Soup version 0.27.1-1-g398f81649c (webtiles) character file.

Game seed: 7116503777066028734

168 Woods the Cudgeller (level 5, 0/41 HPs)
             Began as a Demonspawn Abyssal Knight on Sept 21, 2021.
             Was a Believer of Lugonu.
             Slain by an adder (2 damage)
             ... on level 5 of the Dungeon.
             The game lasted 00:06:49 (3806 turns).

Woods the Cudgeller (Demonspawn Abyssal Knight)     Turns: 3806, Time: 00:06:49

Health: 0/41       AC: 10    Str: 15    XL:     5   Next: 23%
Magic:  7/7        EV: 10    Int: 14    God:    Lugonu [**....]
Gold:   152        SH:  0    Dex: 12    Spells: 4/4 levels left

rFire    . . .     SeeInvis .   a - +1 mace
rCold    . . .     Faith    .   (no shield)
rNeg     . . .     Spirit   .   p - +0 scale mail
rPois    .         Reflect  .   (no helmet)
rElec    .         Harm     .   (no cloak)
rCorr    .         Rampage  .   (no gloves)
Will     .....                  (no boots)
Stlth    ..........             (no amulet)
HPRegen  0.13/turn              k - +4 ring of protection
MPRegen  0.10/turn              (no ring)

@: mighty, brilliant, attractive
A: sturdy frame 1, demonic magic 1, strong 1, wild magic 1
a: Renounce Religion, Depart the Abyss, Bend Space


You were on level 5 of the Dungeon.
You worshipped Lugonu.
Lugonu was pleased with you.
You visited 1 branch of the dungeon, and saw 5 of its levels.
You visited the Abyss 1 time.

You collected 152 gold pieces.

Inventory:

Hand Weapons
 a - a +1 mace (weapon)
Missiles
 s - 8 poisoned darts
Armour
 p - a +0 scale mail (worn)
Magical Staves
 d - a staff of death
Jewellery
 k - a +4 ring of protection (left hand)
 r - a ring of resist corrosion
Scrolls
 f - a scroll of magic mapping
 i - 3 scrolls of enchant weapon
 n - a scroll of fear {unknown}
 o - a scroll of holy word {unknown}
 q - a scroll of summoning {unknown}
Potions
 t - a potion of brilliance


   Skills:
 - Level 3.4 Fighting
 + Level 4.6 Maces & Flails
 - Level 1.8 Armour
 - Level 0.8 Dodging
 - Level 2.7 Invocations


You had 4 spell levels left.
You didn't know any spells.
Your spell library contained the following spells:

 Spells                   Type           Power      Damage    Failure   Level
 Animate Skeleton         Necr           0%         N/A       65%         1
 Apportation              Tloc           0%         N/A       65%         1
 Corona                   Hex            0%         N/A       65%         1
 Summon Small Mammal      Summ           0%         N/A       65%         1


Dungeon Overview and Level Annotations

Branches:
Dungeon (5/15)
 Temple: D:4-7

Altars:
Elyvilon
Makhleb
Qazlal
Ru
Wu Jian

Annotations:
D:4 Edmund


Innate Abilities, Weirdness & Mutations

Your movements are slightly less encumbered by armour. (ER -2)
Spells you cast may paralyse adjacent enemies.
Your muscles are strong. (Str +2)
Your spells are a little harder to cast, but a little more powerful.


Message History

An adder comes into view.
You feel sick.
The adder hisses angrily.
A magic dart appears from out of thin air!
The magic dart hits you but does no damage.
The adder moves out of view.
You feel sick. Something is pulled toward you! The adder is pulled toward you!
Blink to where?
Press: ? - help, Dir - move target A goblin comes into view.
It is wielding a +0 club.
Found a club, a book of Lightning and 11 gold pieces.
As you read the scroll labelled ROHEKO KIPTEU, it crumbles to dust.
It was a scroll of blinking.
You feel sick.
You are no longer poisoned.
The orc shouts!
The goblin shouts!
The goblin is pulled toward you! The adder is pulled toward you!
The orc is pulled toward you! Edmund is pulled toward you!
The adder bites you but does no damage. Edmund is pulled toward you!
Something is pulled toward you!
You climb downwards.
Reactivating autopickup.
Found a stone staircase leading up.
There is a stone staircase leading up here.
It was a potion of mutation.
You feel extremely strange.
You feel stronger.
You feel less in control of your magic. The adder barely misses you.
The goblin hits you with a +0 club.
* * * LOW HITPOINT WARNING * * *
The adder closely misses you.
Okay, then.
The goblin hits you but does no damage. The adder is pulled toward you!
An orc comes into view. It is wielding a +0 falchion.
The orc shouts!
You hear a shout! x3
An adder comes into view.
You hear a shout!
You hear an angry hiss.
The adder is pulled toward you! The orc is pulled toward you!
It was a potion of might.
You feel very mighty all of a sudden.
The adder hisses angrily.
The adder bites you.
You die...

#...#
##...####
........##
.........
<......# .
#...... ...
#...#
.##.o####<..#
......S@Sg.##
###..####.##
# #.# ...
#.## ... #.#
.#


You could see 2 adders, an orc and a goblin.

Vanquished Creatures
  A howler monkey (D:4)
  2 howler monkey skeletons (D:4)
  5 adders
  A worm (D:2)
  3 dart slugs
  3 orcs (D:4)
  4 endoplasms
  A giant cockroach (D:3)
  3 goblins (D:1)
  5 hobgoblins
  3 jackals (D:3)
  2 quokkas
  8 bats
  3 frilled lizards (D:3)
  9 kobolds
  4 rats
57 creatures vanquished.

Vanquished Creatures (others)
  A fungus (D:1)
1 creature vanquished.

Grand Total: 58 creatures vanquished

Notes
Turn   | Place    | Note
-------+----------+-------------------------------------------
     0 | Abyss:1  | Woods the Demonspawn Abyssal Knight began the quest for the
                  | Orb.
     0 | Abyss:1  | Reached XP level 1. HP: 18/18 MP: 2/2
     1 | Abyss:1  | Found a corrupted altar of Lugonu.
    12 | D:1      | Escaped the Abyss
   112 | D:1      | Gained mutation: Spells you cast may paralyse adjacent
                  | enemies. [demonic ancestry]
   112 | D:1      | Reached XP level 2. HP: 24/24 MP: 4/4
   183 | D:1      | Reached skill level 2 in Maces & Flails
   503 | D:1      | Found a faded altar of an unknown god.
   667 | D:1      | Reached ** piety under Lugonu
  1081 | D:2      | Gained mutation: Your movements are slightly less
                  | encumbered by armour. (ER -2) [demonic ancestry]
  1081 | D:2      | Reached XP level 3. HP: 24/29 MP: 5/5
  1217 | D:2      | Reached skill level 3 in Maces & Flails
  2114 | D:3      | Reached XP level 4. HP: 28/35 MP: 6/6
  2252 | D:3      | Found an ornate altar of the Wu Jian Council.
  2256 | D:3      | Found a sacrificial altar of Ru.
  2256 | D:3      | Found a burning altar of Makhleb.
  2257 | D:3      | Found a stormy altar of Qazlal.
  2927 | D:4      | Reached skill level 4 in Maces & Flails
  3127 | D:4      | Noticed a black bear
  3132 | D:4      | Reached XP level 5. HP: 40/41 MP: 7/7
  3149 | D:4      | Noticed Edmund
  3643 | D:4      | Noticed a sky beast
  3802 | D:5      | Entered Level 5 of the Dungeon
  3803 | D:5      | Gained mutation: Your muscles are strong. (Str +2) [potion
                  | of mutation]
  3803 | D:5      | Gained mutation: Your spells are a little harder to cast,
                  | but a little more powerful. [potion of mutation]
  3803 | D:5      | HP: 2/41 [goblin (4)]
  3806 | D:5      | Slain by an adder

Illustrated notes

Levels and vault maps discovered:
D:1:      lemuel_arrival_broad_hall, layout_basic,
          shapermc_ecumenical_altar_hornbeckon
D:2:      minmay_chambers_of_ones, layout_rooms, serial_curves, eino_curves_04,
          eino_curves_04
D:3:      layout_basic, grunt_temple_overflow_open
D:4:      layout_rooms, uniq_edmund
D:5:      minmay_polygon_palace, layout_loops_ring, serial_shops, shop,
          uniq_eustachio, uniq_ijyb, uniq_blork_the_orc

Skill      XL: |  1  2  3  4 |
---------------+-------------+-----
Maces & Flails | 2 3 4 |  4.6
Fighting       | |  3.4
Armour         | |  1.8
Dodging        | |  0.8
Invocations    | |  2.7

Action                   |  1- 3 |  4- 6 || total
-------------------------+-------+-------++-------
Melee: Mace              |   123 |    73 ||   196
  Use: Potion            |       |     8 ||     8
       Scroll            |       |     4 ||     4
 Stab: Sleeping          |     2 |       ||     2
Armor: Leather armour    |    53 |       ||    53
       Scale mail        |     1 |    45 ||    46
Dodge: Dodged            |    81 |    54 ||   135
